 Dungeon Crawl Stone Soup version 0.22-a0-348-gd16d139 (webtiles) character file.

157 BaronVonScrub the Firebug (level 5, -2/35 HPs)
             Began as a Demonspawn Fire Elementalist on Apr 10, 2018.
             Was an Initiate of Nemelex Xobeh.
             Slain by a hound (4 damage)
             ... on level 3 of the Dungeon.
             The game lasted 00:15:24 (4121 turns).

BaronVonScrub the Firebug (DsFE)                    Turns: 4121, Time: 00:15:25

Health: -2/35      AC:  2    Str:  6 (8)  XL:     5   Next: 15%
Magic:  1/9        EV: 12    Int: 17      God:    Nemelex Xobeh [......]
Gold:   171        SH:  0    Dex: 16      Spells: 4/10 levels left

rFire    . . .     SeeInvis .   b - +1 dagger
rCold    . . .     Gourm    .   (no shield)
rNeg     . . .     Faith    .   a - +0 robe
rPois    +         Spirit   .   (no helmet)
rElec    .         Reflect  .   (no cloak)
rCorr    .         Harm     .   (no gloves)
MR       .....                  (no boots)
Stlth    +++.......             (no amulet)
HPRegen  0.11/turn              i - ring of poison resistance
MPRegen  0.11/turn              (no ring)

@: very slightly contaminated
A: thin skeletal structure 1
a: Renounce Religion


You were on level 3 of the Dungeon.
You worshipped Nemelex Xobeh.
Nemelex Xobeh was noncommittal.
You were not hungry.

You visited 1 branch of the dungeon, and saw 3 of its levels.

You collected 171 gold pieces.

Inventory:

Hand Weapons
 b - a +1 dagger (weapon)
 g - a cursed -3 short sword
Missiles
 d - 6 tomahawks (quivered)
Armour
 a - a +0 robe (worn)
Jewellery
 i - a ring of poison resistance (left hand)
 l - an uncursed amulet of guardian spirit
Wands
 j - a wand of enslavement (17)
 o - a wand of iceblast (11)
Scrolls
 h - a scroll of remove curse
 k - 3 scrolls of identify
Miscellaneous
 e - a plain deck of destruction
Comestibles
 c - 5 rations


   Skills:
 + Level 1.5 Short Blades
 - Level 0.1 Throwing
 - Level 1.7 Dodging
 + Level 2.2 Stealth
 + Level 3.1 Spellcasting
 - Level 1.0 Conjurations
 + Level 4.1 Fire Magic


You had 4 spell levels left.
You knew the following spells:

 Your Spells              Type           Power        Failure   Level  Hunger
a - Flame Tongue          Conj/Fire      ##...        6%          1    None
b - Throw Flame           Conj/Fire      ##....       9%          2    ##.....
c - Inner Flame           Hex/Fire       #.......     22%         3    ###....


Dungeon Overview and Level Annotations

Branches:
Dungeon (3/15)

Altars:
Nemelex Xobeh
The Shining One


Innate Abilities, Weirdness & Mutations

You have a somewhat thin skeletal structure. (Dex +2, Stealth)


Message History

The hound is heavily wounded.
The hound bites you.
* * * LOW HITPOINT WARNING * * *
As you read the scroll labeled VOCSOL HOXTYV, it crumbles to dust.
It is a scroll of amnesia.
Okay, then.
The hound bites you.
* * * LOW HITPOINT WARNING * * *
The hound bites you.
* * * LOW HITPOINT WARNING * * *
Casting: Throw Flame (safe; 9% risk of failure)
Confirm with . or Enter, or press ? or * to list all spells.
Aiming: Flame Tongue (safe; 6% risk of failure)
Press: ? - help, Shift-Dir - straight line, f/p - hound
Aim: a hound (severely wounded)
You miscast Flame Tongue.
You are very lightly contaminated with residual magic.
Nothing appears to happen.
The hound bites you.
You die...
Your body disappears without a glow.

..# #. #o# ##### ..#
#.#.# ## +...# ..#
#.)###.# #...#
..#######.#.## '...
...
.<...........###'####
#.#
##......#.###..P.P..#
#.# #### ##.#.###.#
#...hg..# #.# ..#
##.##.# #.# ####h####
#.# #.# #.###.# #.#
#@# #.####.## ..# #.#
#.# #.# #.##..... #.#
#.###.# #.# #.##...#.
#.###.....# #.#
#....#.#. ....(..####
#.# ####.#.#.
######.# #.# #.†...
#.# #.# ##.#.# #.#
###.# ##..#.. #.# #..
##..###.


You could see 2 hounds and a gnoll.

Vanquished Creatures
  An orc priest (D:3)
  Natasha (D:3)
  3 adders
  3 oozes
  A worm (D:2)
  A dart slug (D:3)
  2 leopard geckos
  2 orcs (D:3)
  A ball python (D:1)
  4 giant cockroaches
  6 goblins
  5 hobgoblins
  4 jackals (D:3)
  9 bats
  6 frilled lizards
  7 kobolds
  3 rats
59 creatures vanquished.

Notes
Turn   | Place    | Note
-------+----------+-------------------------------------------
     0 | D:1      | BaronVonScrub the Demonspawn Fire Elementalist began the quest for the Orb.
     0 | D:1      | Reached XP level 1. HP: 13/13 MP: 3/3
   192 | D:1      | Reached skill level 3 in Fire Magic
   362 | D:1      | Gained mutation: You have a somewhat thin skeletal structure. (Dex +2, Stealth) [demonic ancestry]
   362 | D:1      | Reached XP level 2. HP: 13/19 MP: 3/5
   508 | D:1      | Learned a level 2 spell: Throw Flame
  1451 | D:2      | Reached XP level 3. HP: 11/24 MP: 0/6
  1861 | D:2      | Learned a level 3 spell: Inner Flame
  2551 | D:2      | Found a sparkling altar of Nemelex Xobeh.
  2555 | D:2      | Became a worshipper of Nemelex Xobeh the Trickster
  2768 | D:3      | Reached XP level 4. HP: 30/30 MP: 1/8
  2933 | D:3      | Reached skill level 1 in Short Blades
  3357 | D:3      | Noticed Natasha
  3371 | D:3      | Killed Natasha
  3446 | D:3      | Found a glowing golden altar of the Shining One.
  3460 | D:3      | Reached skill level 4 in Fire Magic
  3536 | D:3      | Reached XP level 5. HP: 20/35 MP: 0/9
  3678 | D:3      | Received a gift from Nemelex Xobeh
  4121 | D:3      | Slain by a hound

Vault maps used:
D:1:      lightli_arrival_windingriver, minmay_lizard_king
D:2:      nemelex_xobeh_ov_fountains_minmay
D:3:      tso_metal_star, minmay_misc_feat_doors, cheibrodos_gnoll_hut,
          uniq_natasha

Skill      XL: |  1  2  3  4 |
---------------+-------------+-----
Fire Magic     | 3 4 |  4.1
Stealth        | 2 |  2.2
Short Blades   | 1 |  1.5
Spellcasting   | 3 |  3.1
Throwing       | |  0.1
Dodging        | |  1.7
Conjurations   | |  1.0

Action                   |  1- 3 |  4- 6 || total
-------------------------+-------+-------++-------
Melee: Dagger            |    57 |    38 ||    95
Throw: Tomahawk          |     5 |    16 ||    21
 Cast: Flame Tongue      |    27 |    22 ||    49
       Throw Flame       |    27 |    22 ||    49
       Inner Flame       |       |     1 ||     1
  Use: Potion            |     6 |     1 ||     7
       Scroll            |     4 |     4 ||     8
 Stab: Sleeping          |     1 |     1 ||     2
  Eat: Chunk             |     6 |     4 ||    10
       Ration            |       |     1 ||     1
Armor: Robe              |     9 |    18 ||    27
Dodge: Dodged            |    26 |    51 ||    77

Table legend:
 A = Spawn XP
 B = Non-spawn XP
 C = Spawn XP percentage of total XP
 D = Spawn monster count
 E = Non-spawn monster count
 F = Spawn count percentage of total count
 G = Total turns spent on level
                    A         B        C        D         E        F      G
               +---------+---------+-------+---------+---------+-------+---------
         Total |       0 |     225 |   0.0 |       0 |      59 |   0.0 |  4121
               +---------+---------+-------+---------+---------+-------+---------
           D:1 |       0 |      35 |   0.0 |       0 |      24 |   0.0 |  1425
           D:2 |       0 |      47 |   0.0 |       0 |      13 |   0.0 |  1493
           D:3 |       0 |     143 |   0.0 |       0 |      22 |   0.0 |  1203
               +---------+---------+-------+---------+---------+-------+---------
